 Dungeon Crawl Stone Soup version 0.19-a0-1815-g4007336 (webtiles) character file.

510926 Kurtz the Fencer (level 23, -3/236 HPs)
             Began as a Demigod Gladiator on Oct 5, 2016.
             Killed from afar by a hell knight (32 damage)
             ... with a bolt of fire
             ... on level 3 of the Crypt.
             The game lasted 03:29:18 (80108 turns).

Kurtz the Fencer (Demigod Gladiator)               Turns: 80108, Time: 03:29:18

Health: -3/236     AC: 36    Str: 23    XL:     23   Next: 22%
Magic:  37/37      EV: 24    Int:  8    God:
Gold:   2037       SH:  0    Dex: 36    Spells: 0 memorised, 22 levels left

rFire  . . .     SeeInvis +     w - +8 great sword (elec)
rCold  . . .     Gourm    .     P - +11 chain mail "Wehos" {rElec rN+ MR+}
rNeg   + + .     Faith    .     (shield currently unavailable)
rPois  +         Spirit   .     V - +2 helmet {SInv}
rElec  +         Dismiss  .     x - +2 cloak of Experimentation {Regen+ Str+3}
rCorr  .         Reflect  .     J - +1 pair of gloves
MR     +++++     Harm     .     t - +1 pair of boots {run}
Stlth  ++........ Clarity  +    e - amulet of the Four Winds {rN+ MR+++ Clar}
                                b - ring of Rots {rPois Int-4 Dex+6 SInv Stlth-}
                                I - +3 ring of slaying

@: very slightly contaminated, quick
A: fangs 1, talons 1, see invisible, agile 1, high mp 1, robust 1, electricity
resistance
a: no special abilities
}: 2/15 runes: serpentine, barnacled


You were on level 3 of the Crypt.
You were hungry.

You visited 10 branches of the dungeon, and saw 48 of its levels.
You visited 1 bazaar.
You also visited: Trove, Ice Cave and Volcano.

You collected 7212 gold pieces.
You spent 5175 gold pieces at shops.

Inventory:

Hand Weapons
 w - a +8 great sword of electrocution (weapon)
Missiles
 c - 2 throwing nets
 W - 19 javelins of penetration (quivered)
Armour
 t - a +1 pair of boots of running (worn)
 x - the +2 cloak of Experimentation (worn) {Regen+ Str+3}
   (You bought it in a shop on level 2 of the Orcish Mines)

   It affects your strength (+3).
   It increases your rate of regeneration.
 J - a +1 pair of gloves (worn)
 P - the +11 chain mail "Wehos" (worn) {rElec rN+ MR+}
   (You found it on level 13 of the Dungeon)

   It insulates you from electricity.
   It protects you from negative energy.
   It affects your resistance to hostile enchantments.
 V - a +2 helmet of see invisible (worn)
Rods
 a - a +4 rod of shadows (14/14)
   (You bought it in a shop on level 2 of the Elven Halls)
 y - a +2 lightning rod (13/13)
   (You took it off a yaktaur on level 1 of the Depths)
Jewellery
 b - the ring of Rots (right hand) {rPois Int-4 Dex+6 SInv Stlth-}
   (You took it off a deep elf annihilator on level 3 of the Elven Halls)

   [ring of loudness]

   It affects your intelligence (-4).
   It affects your dexterity (+6).
   It protects you from poison.
   It lets you see invisible.
   It makes you less stealthy.
 e - the amulet of the Four Winds (around neck) {rN+ MR+++ Clar}
   (You found it in a treasure trove)

   [amulet of nothing]

   It protects you from negative energy.
   It affects your resistance to hostile enchantments.
   It protects you against confusion.
 j - a +5 ring of protection
 E - the ring of Raroil {rF+ MP+9 SInv}
   (You found it on level 3 of the Depths)

   [ring of magical power]

   It protects you from fire.
   It affects your magic capacity (+9).
   It lets you see invisible.
 F - the amulet of Cichas {rC- Regen+ Str+4 Dex+7}
   (You found it in a treasure trove)

   [amulet of regeneration]

   It affects your strength (+4).
   It affects your dexterity (+7).
   It makes you vulnerable to cold.
   It increases your rate of regeneration.
 H - the ring "Odogh" {rC+ Str+3 Int+6}
   (You found it in a treasure trove)

   [ring of intelligence]

   It affects your strength (+3).
   It affects your intelligence (+6).
   It protects you from cold.
 I - a +3 ring of slaying (left hand)
 X - an uncursed amulet of rage
Wands
 i - a wand of digging (7/24)
 k - a wand of iceblast (4/15)
 m - a wand of disintegration (7/24)
 B - a wand of teleportation (8/9)
 Z - a wand of iceblast (3/15)
Scrolls
 l - 7 scrolls of fog
 q - 5 scrolls of magic mapping
 r - 5 scrolls of blinking
 z - 24 scrolls of remove curse
 L - 3 scrolls of fear
 M - 4 scrolls of holy word
 Q - a scroll of silence
 R - 7 scrolls of recharging
 T - 3 scrolls of identify
Potions
 d - 5 potions of invisibility
 g - 4 potions of haste
 u - 9 potions of flight
 v - 3 potions of ambrosia
 C - 18 potions of curing
 G - 3 potions of agility
 N - 2 potions of cancellation
 O - a potion of might
 U - 8 potions of resistance
 Y - 10 potions of heal wounds
Miscellaneous
 n - 2 sacks of spiders
 o - a phantom mirror
 s - 4 boxes of beasts
 A - a phial of floods
 D - a fan of gales
 S - a lamp of fire
Comestibles
 f - 25 bread rations
 h - 20 meat rations
 K - 25 fruits


   Skills:
 + Level 19.7 Fighting
 - Level 20.1 Long Blades
 * Level 15.3 Throwing
 + Level 13.9 Armour
 * Level 14.7 Dodging
 + Level 11.4 Stealth
 * Level 12.0 Evocations


You had 22 spell levels left.
You didn't know any spells.

Dungeon Overview and Level Annotations

Branches:
Dungeon (15/15)            Temple (0/1) D:5            Lair (6/6) D:9
 Shoals (4/4) Lair:3        Snake (4/4) Lair:4        Slime (2/5) Lair:6
    Orc (2/2) D:10            Elf (3/3) Orc:2        Vaults (4/5) D:14
  Crypt (3/3) Vaults:3     Depths (5/5) D:15
   Tomb: Crypt:3        Zot: Depths:5

Shops:
D:8 %   D:12 %   Orc:2 :*([   Elf:1 }   Elf:2 }=}   Shoals:4 *   Snake:2 *[
Vaults:3 %   Vaults:4 *   Depths:1 !

Portals:
Hell: Depths:1 Depths:2 Depths:3 Depths:4
Abyss: Depths:4
Pandemonium: Depths:2 Depths:3
Ziggurat: Depths:2


Innate Abilities, Weirdness & Mutations

You have an increased reservoir of magic. (+10% MP)
You have very sharp teeth.
You have sharp toenails.
You have supernaturally acute eyesight. (SInv)
You are agile. (Dex +2)
You are robust. (+10% HP)
You are resistant to electric shocks. (rElec)


Message History

You slice the jiangshi!!
There is a sudden explosion of sparks!
You bite the jiangshi, but do no damage.
The jiangshi is severely damaged.
The jiangshi misses you.
The curse skull rattles its jaw.
The jiangshi completely misses you.
You riposte.
You hit the jiangshi.
There is a sudden explosion of sparks!
The jiangshi is almost destroyed.
The jiangshi barely misses you.
The phantasmal warrior disappears in a puff of smoke!
The jiangshi claws you but does no damage.
The jiangshi barely misses you.
Your surroundings suddenly seem different.
A hell knight and a smoke demon come into view.
The hell knight is wielding a demon trident of pain.
A red devil comes into view.
It is wielding a demon trident of draining.
The hell knight shouts!
The hell knight points at you and mumbles some strange words.
The bolt of fire hits you!
You die...

#.#. .§ #... ...
#..###.## . ###
#..≈#...#≈. ##≈≈
#.......4.. #≈≈≈
#.p..≈≈§... ##≈≈≈
#....§#≈... #≈≈≈≈
#....≈≈≈... ≈≈≈≈≈
#@......... #≈≈≈≈≈
####++#######≈≈≈≈≈
#≈≈≈≈≈≈ #≈≈≈≈≈.
#≈≈≈≈.. #≈≈≈≈..
#≈≈≈... #≈≈≈...
#≈≈≈)..


You could see a hell knight and a red devil (wandering).

Vanquished Creatures
  Mara (Vaults:3)
  A juggernaut (Depths:1)
  Boris (Vaults:4)
  Frederick (Vaults:4)
  Xtahua (Vaults:2)
  Vashnia (Snake:4)
  A caustic shrike (Depths:1)
  A bone dragon (Crypt:3)
  A Tzitzimitl (Depths:3)
  5 liches
  3 deep elf blademasters
  2 quicksilver dragons (Depths:2)
  2 deep elf master archers (Elf:3)
  3 sphinxes
  Kirke (D:12)
  An ancient champion (Crypt:2)
  An azure jelly (Slime:1)
  Roxanne (Snake:1)
  6 nagarajas (Snake:4)
  2 tengu reavers
  A revenant (Crypt:1)
  Donald (Elf:3)
  The ghost of Fraydo the Pulveriser, an adept MiGl of Trog (Shoals:1)
  2 fire giants
  6 frost giants
  2 deep elf sorcerers (Elf:3)
  2 iron dragons
  2 balrugs
  3 orc warlords
  2 caustic shrike zombies (Depths:3)
  8 vault wardens
  Aizul (Snake:3)
  A curse skull (Crypt:1)
  An angel (Depths:2)
  8 deep elf elementalists
  A war gargoyle (Vaults:1)
  11 ironheart preservers
  A juggernaut zombie (Depths:3)
  20 very ugly things
  The ghost of Akrius the Covert, a journeyman GrEE of Sif Muna (Lair:5)
  5 reapers (Depths:3)
  7 ghouls
  An entropy weaver (Vaults:4)
  18 stone giants
  A vampire knight (Depths:4)
  7 deep elf annihilators
  4 deep elf demonologists (Elf:3)
  A dire elephant (Lair:6)
  13 spark wasps
  11 deep elf death magi
  A quicksilver dragon zombie (Depths:3)
  7 ettins
  3 merfolk javelineers
  7 merfolk impalers
  A deep elf high priest (Elf:3)
  Josephine (D:10)
  10 fire dragons
  9 jiangshi
  10 yaktaur captains
  The ghost of meatyocre the Severer, a journeyman MiBe of Trog (D:12)
  7 great orbs of eyes
  Fannar (D:12)
  The ghost of meatyocre the Impaler, a journeyman MiMo of Okawaru (D:12)
  16 naga warriors
  A vault guard (Vaults:4)
  5 rakshasas
  The ghost of Barbarella the Bludgeoner, a journeyman GrFi of Hepliaklqana (D:12)
  6 ice dragons
  Erolcha (Orc:1)
  5 hydras
  12 anacondas
  A catoblepas (Lair:6)
  An alligator snapping turtle (Shoals:1)
  An anaconda (shapeshifter) (Vaults:4)
  2 merfolk avatars
  13 centaur warriors
  10 merfolk aquamancers
  11 ogre magi
  3 death knights
  2 spriggan air magi (Depths:1)
  7 deep troll shamans
  4 vampire magi
  6 deep troll earth magi
  7 tengu warriors
  19 dancing weapons
  2 spriggan berserkers (Depths:2)
  6 death yaks
  Urug (D:12)
  14 shock serpents
  3 orc high priests
  16 naga sharpshooters
  17 deep elf knights
  2 soul eaters (Depths:3)
  A storm dragon zombie (Depths:3)
  Nergalle (Lair:4)
  2 sun demons (Depths:1)
  32 skeletal warriors
  15 hell knights
  2 spark wasp zombies (Depths:3)
  7 sea snakes
  3 unseen horrors
  A sea snake (shapeshifter) (Depths:3)
  An iron troll (Depths:4)
  2 flayed ghosts (Depths:1)
  15 deep trolls
  A tengu zombie (Depths:3)
  5 salamander mystics (Snake:4)
  20 deep elf archers
  3 glowing orange brains
  11 necromancers
  12 naga ritualists
  6 wizards
  3 phantasmal warriors
  16 harpies
  2 golden dragon skeletons
  A lindwurm (Orc:1)
  18 hill giants
  An orb spider (shapeshifter) (Depths:4)
  A shadow dragon zombie (Crypt:3)
  37 ugly things
  16 orc knights
  21 mana vipers
  A tengu skeleton (Depths:3)
  2 wolf spiders
  A frost giant zombie (Depths:3)
  A sphinx zombie (Depths:3)
  14 fauns
  3 oklob plants (Lair:5)
  5 ironbrand convokers
  A manticore (shapeshifter) (D:14)
  A stone giant zombie (Crypt:2)
  A wolf spider (shapeshifter) (Depths:2)
  59 deep elf magi
  6 orc sorcerers
  15 manticores
  2 shadow dragon skeletons
  14 cyclopes
  A sphinx skeleton (Depths:3)
  6 salamanders
  An iron dragon skeleton (Depths:3)
  13 sirens
  9 elephants
  A spriggan zombie (Depths:3)
  3 toenail golems (Volcano)
  An eye of devastation (shapeshifter) (Depths:2)
  2 guardian serpents (shapeshifter)
  25 naga magi
  8 guardian serpents
  6 vault sentinels
  4 water nymphs (Shoals:4)
  An ice statue (IceCv)
  An elf skeleton (Depths:3)
  10 spiny frogs
  3 elf zombies (Depths:3)
  51 black mambas
  A torpor snail (Lair:5)
  Psyche (D:10)
  A titan simulacrum (Depths:3)
  8 gargoyles
  4 rime drakes
  A kobold demonologist (D:13)
  3 spark wasp simulacra (Depths:3)
  A green draconian skeleton (Crypt:1)
  6 komodo dragons
  61 yaktaurs
  An efreet (D:13)
  A tengu conjurer (Depths:3)
  2 hellwings (Depths:3)
  10 freezing wraiths
  24 merfolk
  8 trolls
  14 wind drakes
  A meliai (shapeshifter) (Depths:1)
  A queen bee (shapeshifter) (Depths:1)
  A polar bear (shapeshifter) (Vaults:1)
  A tengu simulacrum (Depths:3)
  2 trolls (shapeshifter)
  18 polar bears
  17 two-headed ogres
  21 blink frogs
  A frost giant simulacrum (Depths:3)
  32 slime creatures
  An alligator zombie (Crypt:3)
  An ettin zombie (Crypt:3)
  13 snapping turtles
  6 dream sheep
  A raiju (shapeshifter) (Depths:4)
  15 hippogriffs
  12 water elementals
  A satyr skeleton (Crypt:2)
  5 wyverns
  An elf simulacrum (Depths:3)
  3 vampires
  A fire dragon skeleton (Crypt:2)
  6 air elementals
  An ettin skeleton (Crypt:3)
  A hog (D:13)
  15 wraiths
  2 shadows (D:15)
  A yak (shapeshifter) (Vaults:2)
  53 yaks
  A spriggan (D:11)
  5 fire elementals
  2 basilisks
  2 humans (Depths:2)
  5 vampire mosquitoes
  2 steam dragons (Shoals:2)
  3 hungry ghosts
  81 nagas
  4 wargs
  Edmund (D:4)
  A mottled dragon (shapeshifter) (Depths:1)
  A soldier ant (D:12)
  2 mottled dragons
  8 water moccasins
  2 floating eyes (shapeshifter)
  A merfolk skeleton (Crypt:2)
  A floating eye (Depths:2)
  A black bear (Lair:4)
  10 porcupines
  A swamp drake (shapeshifter) (D:10)
  5 large abominations
  6 sky beasts
  A sky beast (shapeshifter) (Vaults:2)
  2 eyes of draining
  9 ice beasts
  50 orc warriors
  A swamp dragon zombie (Crypt:3)
  5 necrophages
  55 ogres
  2 phantoms
  3 boggarts
  25 centaurs
  35 wolves
  15 crocodiles
  Blork the orc (Orc:2)
  6 big kobolds
  7 small abominations (D:12)
  23 bullfrogs
  An earth elemental (Elf:1)
  A wyvern skeleton (D:11)
  A water moccasin zombie (Crypt:2)
  6 scorpions
  A cyclops skeleton (Crypt:1)
  20 killer bees
  A polar bear skeleton (Crypt:2)
  9 wights
  A shapeshifter zombie (Crypt:1)
  5 howler monkeys
  17 crimson imps
  3 bullfrog zombies
  4 centaur zombies
  5 human zombies
  2 quasits
  A soldier ant zombie (Crypt:2)
  3 centaur skeletons
  7 hounds
  12 jellies
  33 orc priests
  23 orc wizards
  Ijyb (D:2)
  Terence (D:3)
  14 iguanas
  2 human skeletons (D:8)
  8 worker ants
  A porcupine skeleton (Crypt:1)
  An ogre skeleton (D:8)
  A demigod skeleton (Crypt:1)
  A hound zombie (D:10)
  2 mummies (D:8)
  A hound skeleton (D:8)
  A hell rat zombie (Crypt:1)
  2 worker ant zombies (D:9)
  Robin (D:4)
  10 gnolls
  72 river rats
  10 adders
  3 shadow imps
  An ooze (D:5)
  An adder zombie (D:6)
  2 adder skeletons
  6 worms
  7 dart slugs
  4 leopard geckos
  120 orcs
  7 bats
  4 bat zombies (D:6)
  6 giant cockroaches
  14 goblins
  11 hobgoblins
  10 jackals
  6 quokkas
  4 ball pythons
  5 frilled lizards
  A jackal zombie (D:8)
  25 kobolds
  A kobold skeleton (Crypt:1)
  A quokka skeleton (D:5)
  A quokka zombie (D:6)
  11 rats
  A fungus (Lair:2)
  3 plants
  3 tentacles (Shoals:4)
2270 creatures vanquished.

Vanquished Creatures (collateral kills)
  A kraken (Shoals:4)
  Ilsuiw (Shoals:4)
  A merfolk aquamancer (Shoals:1)
  2 dancing weapons (Elf:2)
  A faun (Shoals:1)
  A deep elf mage (Elf:2)
  A siren (Shoals:1)
  2 merfolk
  A water elemental (Shoals:1)
11 creatures vanquished.

Vanquished Creatures (others)
  A fire giant (Depths:1)
  The ghost of kyuss the Destroyer, a journeyman DrCj of Vehumet (Orc:2)
  A two-headed ogre (D:15)
  5 humans (D:13)
  A human (shapeshifter) (Vaults:1)
  An orc warrior (Orc:2)
  An ogre (Depths:2)
  A boggart (Depths:2)
  An orc wizard (Orc:1)
  3 orcs (Orc:1)
  A fulminant prism (Orc:2)
  19 fungi
  20 plants
  13 tentacles (Shoals:4)
69 creatures vanquished.

Grand Total: 2350 creatures vanquished

Notes
Turn   | Place    | Note
-------+----------+-------------------------------------------
     0 | D:1      | Kurtz the Demigod Gladiator began the quest for the Orb.
     0 | D:1      | Reached XP level 1. HP: 17/17 MP: 3/3
    57 | D:1      | Reached skill level 3 in Long Blades
   170 | D:1      | Reached XP level 2. HP: 23/24 MP: 4/4
   608 | D:1      | Reached XP level 3. HP: 15/29 MP: 5/5
  1040 | D:1      | Reached skill level 4 in Long Blades
  1249 | D:2      | Noticed Ijyb
  1271 | D:2      | Killed Ijyb
  1532 | D:2      | Reached XP level 4. HP: 35/36 MP: 6/6
  2343 | D:3      | Noticed Terence
  2367 | D:3      | Killed Terence
  2367 | D:3      | Reached skill level 5 in Long Blades
  2437 | D:3      | Reached XP level 5. HP: 38/41 MP: 7/7
  2595 | D:3      | Found a bloodstained altar of Trog.
  3412 | D:4      | Noticed Edmund
  3447 | D:4      | Killed Edmund
  3447 | D:4      | Reached skill level 6 in Long Blades
  3447 | D:4      | Reached XP level 6. HP: 23/48 MP: 8/8
  4068 | D:4      | Found a shattered altar of Ashenzari.
  4217 | D:4      | Found a shimmering altar of Xom.
  4294 | D:4      | Reached skill level 7 in Long Blades
  4386 | D:4      | Found a shadowy altar of Dithmenos.
  4386 | D:4      | Found a blossoming altar of Fedhas.
  4388 | D:4      | Found a stormy altar of Qazlal.
  4388 | D:4      | Found a stormy altar of Qazlal.
  4388 | D:4      | Found an opulent altar of Gozag.
  4490 | D:4      | Reached XP level 7. HP: 45/55 MP: 9/9
  4571 | D:4      | Noticed Robin
  4638 | D:4      | Killed Robin
  4677 | D:4      | Reached skill level 1 in Armour
  4918 | D:5      | Entered Level 5 of the Dungeon
  5080 | D:5      | Reached skill level 8 in Long Blades
  5152 | D:5      | Found a staircase to the Ecumenical Temple.
  5361 | D:5      | Reached XP level 8. HP: 32/61 MP: 10/10
  5380 | D:5      | Gained mutation: Your flesh is cold resistant. (rC+) [mutagenic meat]
  5383 | D:5      | Gained mutation: You are robust. (+10% HP) [mutagenic meat]
  5386 | D:5      | Gained mutation: You expend magic power (3 MP) to strengthen your wands. [mutagenic meat]
  5389 | D:5      | Gained mutation: Your muscles are strong. (Str +2) [mutagenic meat]
  5786 | D:5      | Reached skill level 9 in Long Blades
  6520 | D:6      | Gained mutation: You are partially covered in icy blue scales. (AC +2) [mutagenic meat]
  6523 | D:6      | Lost mutation: You are robust. (+10% HP) [mutagenic meat]
  6526 | D:6      | Gained mutation: Your flesh is heat resistant. (rF+) [mutagenic meat]
  6968 | D:6      | Found a stormy altar of Qazlal.
  7156 | D:6      | Found an ancient bone altar of Kikubaaqudgha.
  7225 | D:6      | Gained mutation: Your natural rate of healing is unusually fast. [mutagenic meat]
  7487 | D:7      | Reached skill level 10 in Long Blades
  7786 | D:7      | Got a pitted flail
  7787 | D:7      | Identified the +3 flail of Okawaru's Approval {crush, *Contam rN+ MP+9 Stlth+} (You found it on level 7 of the Dungeon)
  8100 | D:7      | Noticed a hippogriff
  8121 | D:7      | Killed a hippogriff
  8121 | D:7      | Reached XP level 9. HP: 28/67 MP: 8/11
  8617 | D:8      | Reached skill level 1 in Evocations
  8704 | D:8      | Found Velaat's Food Emporium.
  8750 | D:8      | Found a burning altar of Makhleb.
  8920 | D:8      | Found a blossoming altar of Fedhas.
  8925 | D:8      | Found a deep blue altar of Sif Muna.
  8926 | D:8      | Found a sacrificial altar of Ru.
  9140 | D:8      | Reached skill level 11 in Long Blades
  9182 | D:8      | Found a basalt altar of Yredelemnul.
  9209 | D:8      | Reached skill level 1 in Stealth
  9505 | D:8      | Found a sparkling altar of Nemelex Xobeh.
  9774 | D:9      | Reached XP level 10. HP: 75/75 MP: 14/14
  9952 | D:9      | Found a staircase to the Lair.
  9952 | D:9      | Noticed an elephant
 10088 | D:9      | Killed an elephant
 11674 | D:9      | Reached skill level 12 in Long Blades
 11682 | D:10     | Entered Level 10 of the Dungeon
 11708 | D:10     | Noticed a hill giant
 11728 | D:10     | Killed a hill giant
 11771 | D:10     | Noticed a hill giant
 11790 | D:10     | Killed a hill giant
 11897 | D:10     | Reached skill level 5 in Fighting
 11998 | D:10     | Noticed a hill giant
 12017 | D:10     | HP: 1/81 [hill giant/giant club (22)]
 12128 | Lair:1   | Entered Level 1 of the Lair of Beasts
 12342 | Lair:1   | Reached skill level 5 in Armour
 12764 | Lair:1   | Reached XP level 11. HP: 49/88 MP: 16/17
 13787 | Lair:2   | Reached skill level 13 in Long Blades
 14312 | Lair:3   | Found a staircase to the Shoals.
 14488 | Lair:3   | Found a glowing golden altar of the Shining One.
 14890 | Lair:3   | Reached skill level 5 in Throwing
 14929 | Lair:3   | Noticed a seven-headed hydra
 15802 | Lair:3   | Killed a seven-headed hydra
 16242 | Lair:4   | Reached skill level 5 in Dodging
 16433 | Lair:4   | Reached XP level 12. HP: 98/100 MP: 18/18
 16498 | Lair:4   | Found a staircase to the Snake Pit.
 16543 | Lair:4   | Reached skill level 14 in Long Blades
 16770 | Lair:4   | Noticed Nergalle
 16790 | Lair:4   | Killed Nergalle
 16809 | Lair:4   | Noticed a five-headed hydra
 16848 | Lair:4   | Killed a five-headed hydra
 17644 | Lair:5   | Noticed Akrius's ghost (journeyman GrEE)
 18659 | Lair:6   | Entered Level 6 of the Lair of Beasts
 18704 | Lair:6   | Noticed an eight-headed hydra
 19192 | Lair:5   | Killed an eight-headed hydra
 19373 | Lair:5   | Killed Akrius's ghost
 21124 | Lair:5   | Reached skill level 15 in Long Blades
 21342 | Lair:6   | Found a staircase to the Slime Pits.
 21756 | Lair:6   | Noticed a seven-headed hydra
 21770 | Lair:6   | Killed a seven-headed hydra
 22230 | Lair:6   | Gained mutation: You evolve. [potion of beneficial mutation]
 22335 | Lair:6   | Reached XP level 13. HP: 26/105 MP: 19/19
 23741 | Lair:6   | Lost mutation: You expend magic power (3 MP) to strengthen your wands. [evolution]
 24169 | Lair:6   | Noticed a dire elephant
 24194 | Lair:6   | Killed a dire elephant
 24941 | D:10     | Noticed Josephine
 24951 | D:10     | Killed Josephine
 25682 | D:10     | Noticed Psyche
 25707 | D:10     | Killed Psyche
 25889 | D:10     | Found a roughly hewn altar of Beogh.
 25889 | D:10     | Found a staircase to the Orcish Mines.
 27251 | D:11     | Gained mutation: Your mind is acute. (Int +2) [mutagenic meat]
 27291 | D:12     | Noticed meatyocre's ghost (journeyman MiMo)
 27459 | D:12     | Noticed meatyocre's ghost (journeyman MiBe)
 27556 | D:12     | Found a frozen archway.
 27627 | IceCv    | Entered an ice cave
 27970 | IceCv    | Reached skill level 5 in Evocations
 28359 | IceCv    | Reached XP level 14. HP: 105/115 MP: 21/21
 28385 | IceCv    | Identified a scroll of acquirement
 28619 | IceCv    | Reached skill level 16 in Long Blades
 28934 | IceCv    | Noticed a frost giant
 28943 | IceCv    | Killed a frost giant
 29901 | D:13     | Gained mutation: You rapidly evolve. [evolution]
 30105 | D:13     | Got a dazzling chain mail
 30116 | D:13     | Identified the +11 chain mail "Wehos" {rElec rN+ MR+} (You found it on level 13 of the Dungeon)
 30167 | D:13     | Noticed Kirke
 30559 | D:12     | Found Favegi's Food Emporium.
 30701 | D:12     | Noticed Fannar
 30722 | D:12     | Killed Fannar
 30784 | D:12     | Killed meatyocre's ghost
 30850 | D:12     | Noticed Barbarella's ghost (journeyman GrFi)
 30892 | D:12     | Killed Barbarella's ghost
 30956 | D:12     | Noticed Urug
 30984 | D:12     | Killed Urug
 31591 | D:12     | Got an ancient long sword
 31592 | D:12     | Identified the cursed +2 long sword of Eternal War {slice, rN+} (You found it on level 12 of the Dungeon)
 31728 | D:12     | Killed meatyocre's ghost
 31810 | D:12     | Killed Kirke
 32018 | Snake:1  | Entered Level 1 of the Snake Pit
 32227 | Orc:1    | Entered Level 1 of the Orcish Mines
 32261 | Orc:1    | Noticed an orc warlord
 32373 | Orc:1    | Killed an orc warlord
 32502 | Orc:1    | Found a dark tunnel.
 32513 | Volcano  | Entered a volcano
 33141 | Orc:2    | Entered Level 2 of the Orcish Mines
 33141 | Orc:2    | Noticed Erolcha
 33149 | Orc:1    | Killed Erolcha
 33180 | Orc:2    | Gained mutation: Your mind is very acute. (Int +4) [evolution]
 33406 | Orc:2    | Reached skill level 5 in Stealth
 33522 | Orc:2    | Noticed an orc warlord
 33546 | Orc:1    | Killed an orc warlord
 33615 | Orc:1    | Reached XP level 15. HP: 124/124 MP: 22/22
 33665 | Orc:2    | Noticed Blork the orc
 33667 | Orc:2    | Found a roughly hewn altar of Beogh.
 33670 | Orc:2    | Found Haisu's General Store.
 33703 | Orc:2    | Killed Blork the orc
 33911 | Orc:2    | Found Busaet's Antique Armour Boutique.
 33917 | Orc:2    | Bought an ancient cloak for 342 gold pieces
 33927 | Orc:2    | Identified a +0 pair of boots of running (You found it in a volcano)
 33941 | Orc:2    | Identified the +2 cloak of Experimentation {Regen+ Str+3} (You bought it in a shop on level 2 of the Orcish Mines)
 33950 | Orc:2    | Found Nirex's Antique Weapon Boutique.
 34023 | Orc:2    | Found a staircase to the Elven Halls.
 34023 | Orc:2    | Noticed kyuss's ghost (journeyman DrCj)
 34039 | Orc:2    | Killed kyuss's ghost
 34373 | Orc:2    | Found Uwym's Book Boutique.
 34811 | Orc:2    | Bought a potion of curing for 30 gold pieces
 34811 | Orc:2    | Bought a potion of magic for 80 gold pieces
 35151 | D:13     | Reached skill level 17 in Long Blades
 35744 | D:14     | Found a gate to the Vaults.
 35974 | D:14     | Reached skill level 10 in Fighting
 36599 | D:15     | Entered Level 15 of the Dungeon
 36764 | D:15     | Found a staircase to the Depths.
 36859 | D:15     | Gained mutation: Your skin changes colour to match your surroundings (Stealth+). [evolution]
 36998 | D:15     | Found an iron altar of Okawaru.
 37427 | D:15     | Found a shadowy altar of Dithmenos.
 37535 | D:15     | Found a portal to a secret trove of treasure.
 37601 | D:15     | You paid a toll of 7 potions of agility to enter a treasure trove
 37602 | Trove    | Entered a treasure trove
 37635 | Trove    | Got a warped zirconium amulet
 37636 | Trove    | Identified the amulet of Cichas {rC- Regen+ Str+4 Dex+7} (You found it in a treasure trove)
 37655 | Trove    | Got a steaming marble ring
 37657 | Trove    | Identified the ring of Ogump {+Fly Dex+4} (You found it in a treasure trove)
 37662 | Trove    | Got a scintillating marble ring
 37664 | Trove    | Identified the ring of Ikaru {+Fly rF+ MR- Dex+4} (You found it in a treasure trove)
 37668 | Trove    | Got a scorched lead ring
 37669 | Trove    | Identified the ring "Odogh" {rC+ Str+3 Int+6} (You found it in a treasure trove)
 38052 | Shoals:1 | Entered Level 1 of the Shoals
 38070 | Shoals:1 | Noticed Fraydo's ghost (adept MiGl)
 38315 | Shoals:1 | Killed Fraydo's ghost
 38371 | Shoals:1 | Reached skill level 10 in Throwing
 38446 | Shoals:1 | Reached XP level 16. HP: 136/136 MP: 24/24
 39240 | Lair:5   | Identified a +0 pair of boots of running (You found it on level 5 of the Lair of Beasts)
 39558 | Snake:1  | Reached skill level 18 in Long Blades
 39879 | Snake:1  | Noticed Roxanne
 39950 | Snake:1  | Killed Roxanne
 39951 | Snake:1  | Identified Roxanne's Catalogue of Transmutation (You took it off Roxanne on level 1 of the Snake Pit)
 41628 | Snake:2  | Reached skill level 10 in Dodging
 41697 | Snake:2  | Found Qaufot's Armour Shoppe.
 41697 | Snake:2  | Found Byachah's Assorted Antiques.
 41706 | Snake:2  | Bought a potion of heal wounds for 130 gold pieces
 41706 | Snake:2  | Bought a scroll of teleportation for 78 gold pieces
 42203 | Snake:3  | Gained mutation: Your muscles are very strong. (Str +4) [evolution]
 42779 | Snake:4  | Entered Level 4 of the Snake Pit
 43425 | Shoals:2 | Reached XP level 17. HP: 146/146 MP: 25/25
 44750 | Shoals:3 | Reached skill level 19 in Long Blades
 45001 | Shoals:3 | Lost mutation: Your muscles are very strong. (Str +4) [potion of mutation]
 45001 | Shoals:3 | Gained mutation: Armour fits poorly on your strangely shaped body. [potion of mutation]
 45136 | Shoals:3 | Lost mutation: Your flesh is cold resistant. (rC+) [potion of cure mutation]
 45136 | Shoals:3 | Lost mutation: Your muscles are strong. (Str +2) [potion of cure mutation]
 45136 | Shoals:3 | Lost mutation: Armour fits poorly on your strangely shaped body. [potion of cure mutation]
 45136 | Shoals:3 | Lost mutation: Your flesh is heat resistant. (rF+) [potion of cure mutation]
 45136 | Shoals:3 | Lost mutation: You are partially covered in icy blue scales. (AC +2) [potion of cure mutation]
 45681 | Shoals:4 | Entered Level 4 of the Shoals
 45693 | Shoals:4 | Noticed Ilsuiw
 45875 | Shoals:4 | Found a runed door.
 46704 | Shoals:4 | Killed Ilsuiw
 47534 | Shoals:4 | Got a barnacled rune of Zot
 47720 | Shoals:4 | Gained mutation: Your muscles are strong. (Str +2) [evolution]
 47972 | Shoals:4 | Found Jibbodaw's Assorted Antiques.
 48004 | Shoals:4 | Bought a scroll of holy word for 217 gold pieces
 48004 | Shoals:4 | Bought a box of beasts for 580 gold pieces
 48376 | Snake:4  | Gained mutation: Armour fits poorly on your strangely shaped body. [mutagenic meat]
 48385 | Snake:4  | Lost mutation: Your skin changes colour to match your surroundings (Stealth+). [mutagenic meat]
 48388 | Snake:4  | Gained mutation: You are partially covered in slimy green scales. (AC +2) [mutagenic meat]
 48697 | Shoals:3 | Lost mutation: You are partially covered in slimy green scales. (AC +2) [potion of cure mutation]
 48697 | Shoals:3 | Lost mutation: Your muscles are strong. (Str +2) [potion of cure mutation]
 48697 | Shoals:3 | Lost mutation: Your mind is very acute. (Int +4) [potion of cure mutation]
 48697 | Shoals:3 | Lost mutation: You rapidly evolve. [potion of cure mutation]
 48698 | Shoals:3 | Lost mutation: Your mind is acute. (Int +2) [potion of cure mutation]
 48698 | Shoals:3 | Lost mutation: Armour fits poorly on your strangely shaped body. [potion of cure mutation]
 48698 | Shoals:3 | Lost mutation: You evolve. [potion of cure mutation]
 48698 | Shoals:3 | Lost mutation: Your natural rate of healing is unusually fast. [potion of cure mutation]
 49373 | Snake:4  | Noticed Aizul
 49400 | Snake:3  | Killed Aizul
 49752 | Snake:4  | Reached XP level 18. HP: 87/157 MP: 27/27
 50356 | Snake:4  | Noticed Vashnia
 50374 | Snake:4  | Killed Vashnia
 51021 | Snake:4  | Reached skill level 20 in Long Blades
 51693 | Snake:4  | Gained mutation: You are partially covered in thin metallic scales. (AC +2) [mutagenic meat]
 51717 | Snake:4  | Got a serpentine rune of Zot
 52766 | Elf:1    | Entered Level 1 of the Elven Halls
 52775 | Elf:1    | Reached skill level 10 in Stealth
 52971 | Elf:1    | Found Wurick's Gadget Emporium.
 53413 | Elf:1    | Identified Sif Muna's Tome of Confrontation
 54102 | Elf:2    | Found a runed gate.
 54105 | Elf:2    | Found a runed gate.
 54113 | Elf:2    | Found a runed gate.
 54644 | Elf:2    | Found Suha's Gadget Emporium.
 54644 | Elf:2    | Found Yghew's Jewellery Boutique.
 54645 | Elf:2    | Found Wimar's Gadget Emporium.
 54657 | Elf:2    | Bought a +4 rod of shadows (14/14) for 1324 gold pieces
 54775 | Elf:2    | Reached XP level 19. HP: 162/168 MP: 28/28
 55919 | Slime:1  | Entered Level 1 of the Pits of Slime
 56556 | Vaults:1 | Entered Level 1 of the Vaults
 56628 | Vaults:1 | Gained mutation: You are agile. (Dex +2) [mutagenic meat]
 56638 | Vaults:1 | Gained mutation: You have very sharp teeth. [mutagenic meat]
 56703 | Vaults:1 | Gained mutation: You are resistant to electric shocks. (rElec) [mutagenic meat]
 57086 | Vaults:1 | Reached skill level 15 in Fighting
 57441 | Vaults:1 | Reached skill level 10 in Armour
 59233 | Vaults:2 | Noticed Xtahua
 59246 | Vaults:2 | Killed Xtahua
 60701 | Vaults:3 | Found a staircase to the Crypt.
 60701 | Vaults:3 | Found a basalt altar of Yredelemnul.
 60702 | Vaults:3 | Found an ancient bone altar of Kikubaaqudgha.
 60783 | Vaults:3 | Found Seesofe's Food Shop.
 61141 | Vaults:3 | Reached XP level 20. HP: 180/180 MP: 30/30
 61156 | Vaults:3 | Noticed Mara
 61224 | Vaults:3 | Noticed Kurtz's illusion
 61365 | Vaults:3 | Noticed Kurtz's illusion
 61431 | Vaults:3 | Noticed Kurtz's illusion
 61433 | Vaults:3 | Killed Mara
 62390 | Vaults:4 | Noticed Frederick
 62403 | Vaults:4 | Killed Frederick
 63407 | Vaults:4 | Found Finug's Assorted Antiques.
 63423 | Vaults:4 | Bought a potion of heal wounds for 220 gold pieces
 63423 | Vaults:4 | Bought a scroll of magic mapping for 154 gold pieces
 63474 | Vaults:4 | Noticed Boris
 63508 | Vaults:4 | Killed Boris
 64088 | Depths:1 | Entered Level 1 of the Depths
 64590 | Depths:1 | Found Maoserph's Distillery.
 64648 | Depths:1 | Found a gateway to Hell.
 64988 | Depths:1 | Noticed a caustic shrike
 64996 | Depths:1 | Noticed a juggernaut
 64999 | Depths:1 | Killed a caustic shrike
 65022 | Depths:1 | Killed a juggernaut
 65442 | Depths:1 | Reached XP level 21. HP: 161/191 MP: 32/32
 65751 | Depths:1 | Bought a potion of heal wounds for 70 gold pieces
 65751 | Depths:1 | Bought a potion of heal wounds for 70 gold pieces
 65751 | Depths:1 | Bought a potion of haste for 140 gold pieces
 65751 | Depths:1 | Bought a potion of curing for 42 gold pieces
 65751 | Depths:1 | Bought a potion of ambrosia for 112 gold pieces
 65753 | Depths:1 | Bought a potion of agility for 56 gold pieces
 66305 | Depths:1 | Identified Sif Muna's Incunabulum of Ignition and Unholy Rites
 67355 | Elf:3    | Entered Level 3 of the Elven Halls
 68058 | Elf:3    | Noticed Donald
 68171 | Elf:3    | Killed Donald
 69861 | Elf:3    | Got a scintillating platinum ring
 69868 | Elf:3    | Got a heavily runed platinum ring
 69869 | Elf:3    | Identified the ring of Rots {rPois Int-4 Dex+6 SInv Stlth-} (You took it off a deep elf annihilator on level 3 of the Elven Halls)
 69870 | Elf:3    | Identified the ring of the Ant {rC+ SInv} (You took it off a deep elf death mage on level 3 of the Elven Halls)
 69945 | Elf:3    | Reached skill level 10 in Evocations
 69997 | Elf:3    | Identified the +0 plate armour of the Solstice {Regen+} (You took it off a deep elf master archer on level 3 of the Elven Halls)
 70039 | Elf:3    | Identified the Guide on Creation and the Birds
 70134 | Elf:3    | Identified the Catalogue of Cold and Contamination
 70653 | Snake:2  | Bought a potion of berserk rage for 130 gold pieces
 70653 | Snake:2  | Bought 2 scrolls of recharging for 494 gold pieces
 71039 | Depths:1 | Gained mutation: You have supernaturally acute eyesight. (SInv) [mutagenic meat]
 71364 | Depths:2 | Found a flickering gateway to a bazaar.
 71375 | Bazaar   | Entered a bazaar
 71375 | Bazaar   | Found Qocvaogoj's Distillery.
 71375 | Bazaar   | Found Ameu's Distillery.
 71389 | Bazaar   | Found Codoboufa's Food Shop.
 71402 | Bazaar   | Found Geaz's Weapon Shop.
 71413 | Bazaar   | Found Telet's Armour Boutique.
 71480 | Bazaar   | Bought a potion of heal wounds for 75 gold pieces
 71480 | Bazaar   | Bought a potion of invisibility for 120 gold pieces
 71480 | Bazaar   | Bought a potion of agility for 60 gold pieces
 71480 | Bazaar   | Bought 2 potions of curing for 90 gold pieces
 71496 | Bazaar   | Bought 2 potions of heal wounds for 120 gold pieces
 71496 | Bazaar   | Bought a potion of haste for 120 gold pieces
 71496 | Bazaar   | Bought a potion of heal wounds for 60 gold pieces
 71496 | Bazaar   | Bought a potion of resistance for 120 gold pieces
 71496 | Bazaar   | Bought a potion of curing for 36 gold pieces
 71496 | Bazaar   | Bought a potion of berserk rage for 60 gold pieces
 71522 | Bazaar   | Bought a potion of curing for 45 gold pieces
 71568 | Depths:2 | Found a gateway to a ziggurat.
 72218 | Depths:2 | Lost mutation: You are partially covered in thin metallic scales. (AC +2) [mutagenic meat]
 72221 | Depths:2 | Gained mutation: You occasionally shout uncontrollably at your foes. [mutagenic meat]
 72224 | Depths:2 | Gained mutation: You have sharp toenails. [mutagenic meat]
 72239 | Depths:2 | Found a one-way gate leading to the halls of Pandemonium.
 72256 | Depths:2 | Gained mutation: Your body sometimes deteriorates upon taking damage. [mutagenic meat]
 72259 | Depths:2 | Gained mutation: You are somewhat resistant to further mutation. [mutagenic meat]
 72482 | Depths:2 | Reached XP level 22. HP: 182/202 MP: 34/34
 72508 | Depths:2 | Gained mutation: You are frail. (-10% HP) [mutagenic meat]
 73258 | Shoals:3 | Lost mutation: You are frail. (-10% HP) [potion of cure mutation]
 73258 | Shoals:3 | Lost mutation: You occasionally shout uncontrollably at your foes. [potion of cure mutation]
 73258 | Shoals:3 | Lost mutation: You are somewhat resistant to further mutation. [potion of cure mutation]
 73258 | Shoals:3 | Lost mutation: Your body sometimes deteriorates upon taking damage. [potion of cure mutation]
 73664 | Depths:1 | Gained mutation: You are robust. (+10% HP) [mutagenic meat]
 74438 | Depths:3 | Identified the ring of Jucaargho {rC+ MR+ Int+4} (You found it on level 3 of the Depths)
 74625 | Depths:3 | Found an ancient bone altar of Kikubaaqudgha.
 75319 | Depths:3 | Identified the cursed +1 chain mail "Qoduresu" {+Blink rElec} (You found it on level 3 of the Depths)
 75879 | Depths:3 | Got a heavily runed turquoise ring
 75886 | Depths:3 | Identified the ring of Raroil {rF+ MP+9 SInv} (You found it on level 3 of the Depths)
 76319 | Depths:4 | Reached skill level 15 in Throwing
 77324 | Depths:4 | Found a corrupted altar of Lugonu.
 77324 | Depths:4 | Found a one-way gate to the infinite horrors of the Abyss.
 77377 | Depths:5 | Entered Level 5 of the Depths
 77758 | Crypt:1  | Entered Level 1 of the Crypt
 78283 | Crypt:1  | Reached XP level 23. HP: 234/234 MP: 37/37
 79495 | Crypt:3  | Entered Level 3 of the Crypt
 80108 | Crypt:3  | Killed from afar by a hell knight

Vault maps used:
D:1:      erik_arrival_triangle_small
D:2:      first_bread, grunt_ministairs_13, uniq_iyjb
D:3:      lemuel_doored_altar, uniq_terence
D:4:      doesnt_xom_only_xom, ashenzari_conservatory_becter,
          kennysheep_generic_room_8, uniq_robin, uniq_edmund
D:6:      lemuel_zombie_altar_kikubaaqudgha, nicolae_qazlal_general_emergency
D:8:      lemuel_mausoleum_altar_yredelemnul, marbit_many_paths,
          lemuel_coloured_pillars_altar, minitemple, serial_shops,
          nicolae_shop_behind_doors
D:9:      david_lair_generic
D:10:     david_orc_5, uniq_psyche, uniq_josephine
D:11:     the_bakery
D:12:     portal_ice_cave_entry_ice_beasts, serial_shops, shop_fountains,
          laboratory, uniq_fannar, uniq_urug
D:13:     uniq_kirke
D:14:     kennysheep_bubbly, david_vaults_1, roderic_lattice_a,
          dk_noncrumbling_4
D:15:     grunt_enter_depths_magical_seal, nicolae_trove_entry_columns,
          okawaru_ov_weapons_minmay, grunt_dithmenos_shadows
Lair:2:   dpeg_oklob_shooting_range, grunt_megastairs_1
Lair:3:   elwin_shoals_entry_stream, basic_altar, serial_bayou_shore_b,
          grunt_megastairs_2
Lair:4:   guppyfry_snake_entry_garden, uniq_nergalle
Lair:5:   dpeg_oklob_gauntlet, bh_autumn_forest_stairs
Lair:6:   grunt_lair_end_beastmaster, minmay_slime_entry_pillars
Shoals:2: nicolae_shoals_drake_roost
Shoals:3: nicolae_shoals_aquamancer_cove
Shoals:4: shoals_end_simple, shoals_ilsuiw_alternative, serial_shops, shop,
          lightli_airlock
Snake:1:  hangedman_cross_veins, uniq_roxanne
Snake:2:  lemuel_fruit_tree, minmay_shoptagon
Snake:3:  cheibrodos_snake_ritualist_ritual
Snake:4:  johnstein_snake_rune_scales, uniq_aizul
Orc:1:    nicolae_volcano_entry_vermiform
Orc:2:    grunt_orc_cross, uniq_erolcha
Elf:1:    minmay_elf_arrival_circle, serial_shops, shop, minmay_elf_annihilation
Elf:2:    minmay_shop_grove
Elf:3:    elf_hall, uniq_donald
Vaults:1: v_alt_pattern_4, nicolae_vaults_network_quincunx, vaults_dpeg_spiral,
          hangedman_vaults_stagger, v_misc_30, grunt_vaults_focal, st_cells,
          v_pattern_2, nicolae_vaults_mini_display_case
Vaults:2: grunt_vaults_swirl, grunt_vaults_hallway_long,
          nicolae_vaults_little_squares_1, nicolae_vaults_angled_halls,
          v_alt_pattern_2, nicolae_vaults_angled_halls, v_rooms_5,
          vaults_dpeg_hooks, ontoclasm_vaults_twist,
          hangedman_vaults_restitches, v_misc_16, ontoclasm_vaults_tryst,
          nicolae_vaults_yaktaur_gun_rack, uniq_xtahua
Vaults:3: ontoclasm_vaults_gateway, v_misc_22, nicolae_vaults_little_squares_1,
          hangedman_vaults_variations, v_alt_pattern_3, vaults_room_ringed_pool,
          minmay_crypt_entry_necro_gods, special_room_vaults,
          nicolae_vaults_network_square, vaults_mumra_chevron_long,
          grunt_vaults_bifocal, ontoclasm_vaults_ring_small,
          nicolae_vaults_specimen_jars, serial_shops, nicolae_shop_waterfront,
          uniq_mara
Vaults:4: hangedman_vaults_nails, v_misc_23, hangedman_vaults_hat,
          nicolae_vaults_circle_grid_b, ontoclasm_vaults_loading_screen,
          v_misc_22, nicolae_vaults_gold_heap, v_misc_33,
          dpeg_vaults_monster_row, vaults_standard_mumra_enter_the_diamond,
          vaults_room_semicircle, serial_shops, nicolae_shop_window_shopping,
          uniq_frederick, uniq_boris
Crypt:3:  quadcrypt_mu, uniq_jory, uniq_bai_suzhen
Depths:1: serial_shops, nicolae_shop_stone, lightli_too_deep,
          minmay_crystal_water, minmay_the_grid_3x2
Depths:2: evilmike_pillar_path, enter_ziggurat_f, hell_entry, pan_entry,
          serial_shops, bzr_entry_customers, nrook_mini_vaults
Depths:3: evilmike_negative_zone, rand_demon_pan_entry_1, minmay_misc_feat_five,
          hellmouth_1, serial_bayou_shore_a, infiniplex_staircase_pool_lava,
          serial_bayou_shore_b
Depths:4: kennysheep_blocky_room, grunt_decor_fettered, grunt_hell_entry_dis_mu,
          abyss_entry_flame_altar, infiniplex_staircase_pillars_2
Depths:5: evilmike_zot_entry_diamond, minmay_misc_feat_four_crosses,
          abyss_entry, hell_entry
Bazaar:   bazaar_jpeg_hexagon
Trove:    trove_jewel_1
IceCv:    ice_cave_caverns_01
Volcano:  volcano_caves

Skill      XL: |  1  2  3  4  5  6  7  8  9 10 11 12 13 14 15 16 17 18 19 20 21 22 23 |
---------------+----------------------------------------------------------------------+-----
Long Blades    | 3 4 5 6 7 8 10 11 12 13 15 16 17 18 19 20 | 20.1
Fighting       | 2 3 5 7 8 9 10 12 13 14 15 17 18 19 | 19.7
Throwing       | 2 4 5 6 7 9 10 11 12 13 14 15 | 15.3
Armour         | 2 3 4 5 7 9 10 11 12 13 | 13.9
Dodging        | 3 5 7 8 9 10 11 12 13 14 | 14.7
Evocations     | 2 3 4 5 6 8 9 10 11 12 | 12.0
Stealth        | 1 3 4 5 6 8 9 10 11 | 11.4

Action                   |  1- 3 |  4- 6 |  7- 9 | 10-12 | 13-15 | 16-18 | 19-21 | 22-24 || total
-------------------------+-------+-------+-------+-------+-------+-------+-------+-------++-------
Melee: Long sword        |   113 |   287 |   638 |  1682 |   471 |       |       |       ||  3191
       Rapier            |       |       |       |    20 |     6 |       |       |       ||    26
       Scimitar          |       |       |       |       |   493 |       |       |       ||   493
       Double sword      |       |       |       |       |  1161 |  2170 |       |       ||  3331
       Demon blade       |       |       |       |       |   411 |       |       |       ||   411
       Great sword       |       |       |       |       |       |   287 |  1915 |  1019 ||  3221
       Bite              |       |       |       |       |       |       |   477 |   304 ||   781
Throw: Throwing net      |     1 |     2 |       |       |       |     5 |     8 |       ||    16
       Tomahawk          |       |       |       |    44 |     2 |       |       |       ||    46
       Javelin           |       |       |       |    40 |    32 |    17 |       |     2 ||    91
 Abil: Evoke Berserk Rag |       |       |       |     8 |    43 |    19 |       |       ||    70
Evoke: Wand              |       |       |     4 |    16 |     4 |    22 |     2 |     1 ||    49
       Phantom mirror    |       |       |       |       |     1 |       |       |       ||     1
       Sack of spiders   |       |       |       |       |       |     1 |       |       ||     1
       Rod               |       |       |       |       |       |     2 |    17 |       ||    19
  Use: Scroll            |     1 |     4 |     4 |    18 |    23 |    21 |    23 |     8 ||   102
       Potion            |       |     3 |     2 |    11 |     3 |    10 |    10 |     4 ||    43
 Stab: Held in net/web   |     2 |       |       |       |       |     1 |     8 |       ||    11
       Sleeping          |       |       |       |     4 |     8 |     7 |     7 |     4 ||    30
       Paralysed         |       |       |       |    10 |       |       |       |       ||    10
       Distracted        |       |       |       |     2 |     4 |     9 |     9 |     2 ||    26
  Eat: Chunk             |     2 |    10 |    29 |    35 |    72 |    56 |    59 |    15 ||   278
       Fruit             |       |       |     1 |     2 |     3 |     6 |     6 |     4 ||    22
       Beef jerky        |       |       |       |     5 |     3 |     4 |       |       ||    12
       Pizza             |       |       |       |     2 |     2 |     3 |     2 |     1 ||    10
       Bread ration      |       |       |       |     1 |     1 |       |     1 |     2 ||     5
       Meat ration       |       |       |       |     1 |     1 |     1 |       |       ||     3
Armor: Leather armour    |     2 |       |       |       |       |       |       |       ||     2
       Ring mail         |    30 |     8 |       |       |       |       |       |       ||    38
       Scale mail        |       |    87 |   100 |   556 |   445 |       |       |       ||  1188
       Chain mail        |       |       |   230 |    88 |   733 |  1069 |   833 |   453 ||  3406
       Skin              |       |       |       |    31 |       |       |       |       ||    31
Dodge: Dodged            |    67 |   175 |   310 |   965 |  1639 |  1640 |  1265 |   881 ||  6942
       Rpst.: Long sword |    29 |    55 |    86 |   282 |    71 |       |       |       ||   523
       Scimitar          |       |       |       |       |    95 |       |       |       ||    95
       Demon blade       |       |       |       |       |    68 |       |       |       ||    68
       Double sword      |       |       |       |       |   182 |   289 |       |       ||   471
       Great sword       |       |       |       |       |       |    48 |   289 |   166 ||   503
